Cogmind - Beta 9.5 @@@ ROGUE MODE // 2020.04.07 @ 15:37:10 // Winter2019/RPGLIKE Player: IAMCRAIG Result: Destroyed by G-67 Veteran with Electrolaser Performance ------------- Evolutions (6) 3000 Regions Visited (21) 4200 Robots Destroyed (423) 2115 Value Destroyed (20378) 20378 Prototype IDs (69) 1380 Alien Tech Used (0) 0 Bonus (8309) 8309 TOTAL SCORE: 39382 Bonus ------- High Alert Combat Kills 4926 Follower Combat Kills 978 Entered Garrisons 800 Used RIF Installer 2000 Aligned with FarCom 300 Met Data Miner 300 Friendly Fire -995 Cogmind --------- Core Integrity 0/1000 Matter 289/300 Energy 34/400 System Corruption 0% Temperature Cool (6) Movement Rolling (120) Ox2 Location -4/Upper Caves Parts ------- > --- POWER (2) -------- Light Fission Core Heavy Antimatter Reactor > --- PROPULSION (4) --- Compact Wheel Nuclear Pulse Thruster Nuclear Pulse Thruster Nuclear Pulse Thruster > --- UTILITY (11) ----- Improved Cooling System Long-range Sensor Array Advanced Signal Interpreter Long-range Terrain Scanner Advanced Targeting Computer Advanced Armor Integrity Analyzer Matter Filter Nanoactuators Reaction Control System Advanced Focal Shield Advanced Shield Generator > --- WEAPON (6) ------- Beamcaster Quantum Rifle Quantum Rifle Coil Gun > --- INVENTORY (5) ---- Protomatter-66 Improved Energy Well (600) Matter Compressor (250) Advanced Hacking Suite Improved System Restoration Module Peak State ------------ > --- POWER ------------ Heavy Antimatter Reactor Light Quantum Reactor > --- PROPULSION ------- Flying Fortress v7 > --- UTILITY ---------- Improved Cooling System Long-range Sensor Array Advanced Signal Interpreter Long-range Terrain Scanner Advanced Targeting Computer Recoil Nullifier Reaction Control System Advanced Focal Shield Advanced Shield Generator Relay Coupler [Grunt] Improved System Restoration Module > --- WEAPON ----------- Enhanced Force Rifle XL Autogun Array Advanced Remote Datajack > --- INVENTORY -------- Improved Energy Well Matter Compressor Advanced Armor Integrity Analyzer Matter Filter Advanced Hacking Suite [Rating: 156] Favorites ----------- Power Makeshift Power Source Engine Makeshift Power Source Power Core Micro Fission Core Reactor Heavy Antimatter Reactor Propulsion Flying Fortress v7 Treads Light Treads Leg Enhanced Flexi-carbon Leg Wheel Wheel Hover Unit Hover Unit Flight Unit Flying Fortress v7 Utility Advanced Signal Interpreter Device Long-range Sensor Array Storage High-capacity Matter Pod Processor Advanced Signal Interpreter Hackware Relay Coupler [Grunt] Protection Medium Reactive Plating Weapon XL Autogun Array Energy Gun Enhanced Force Rifle Energy Cannon Heavy Plasma Cannon Ballistic Gun XL Autogun Array Ballistic Cannon Mini Assault Cannon Launcher Grenade Launcher Special Weapon Advanced Remote Datajack Slashing Weapon Scythe Build | -11 -10 -10 -10 -9 -8 -7 -7 -7 -7 -6 -6 -6 -6 -5 -5 -5 -5 -5 -4 -4 -4 ------- Run | Scr Mat Min Exi Min Mat Fac Gar Fac Gar Fac Low Low Dat Pro Fac Gar Fac Gar Fac Upp Upp Slots Evolved 19 | 3 2 2 1 1 4 2 . 1 . . . 1 . . 1 . . . 1 . . Power 1 | . . . . . 1 . . . . . . . . . . . . . . . . Propulsion 3 | 1 2 . . . . . . . . . . . . . . . . . . . . Utility 10 | 1 . . 1 1 2 1 . 1 . . . 1 . . 1 . . . 1 . . Weapon 5 | 1 . 2 . . 1 1 . . . . . . . . . . . . . . . Parts Attached 151 | 5 16 2 3 2 15 11 5 14 1 4 3 1 . 6 6 5 11 4 9 27 1 Power 21 | 1 2 1 . . 2 . . 3 . 1 1 . . 1 3 . 1 . 3 2 . Engine 7 | 1 2 1 . . 1 . . 1 . . . . . . . . . . . 1 . Core 11 | . . . . . 1 . . 2 . 1 1 . . 1 3 . 1 . . 1 . Reactor 3 | . . . . . . . . . . . . . . . . . . . 3 . . Propulsion 23 | 2 6 . 1 . 2 . . . . . . . . 2 . . 2 . . 8 . Treads 8 | 2 5 . . . . . . . . . . . . . . . . . . 1 . Leg 1 | . . . . . . . . . . . . . . 1 . . . . . . . Wheel 3 | . 1 . . . . . . . . . . . . . . . . . . 2 . Hover 2 | . . . . . . . . . . . . . . . . . . . . 2 . Flight 9 | . . . 1 . 2 . . . . . . . . 1 . . 2 . . 3 . Utility 79 | . 3 . 1 2 6 9 5 7 1 2 2 1 . 3 3 5 7 4 6 11 1 Device 52 | . 1 . . 1 3 6 4 5 1 2 1 1 . 1 3 2 6 3 4 7 1 Storage 7 | . . . . 1 1 . . . . . . . . 1 . 2 . . . 2 . Processor 8 | . 1 . 1 . 1 1 . 1 . . . . . . . . 1 . . 2 . Hackware 9 | . . . . . 1 1 1 . . . 1 . . 1 . 1 . 1 2 . . Protection 3 | . 1 . . . . 1 . 1 . . . . . . . . . . . . . Artifact . | . . . . . . . . . . . . . . . . . . . . . . Weapon 28 | 2 5 1 1 . 5 2 . 4 . 1 . . . . . . 1 . . 6 . Energy Gun 11 | 2 3 . . . 1 . . 1 . . . . . . . . 1 . . 3 . Energy Cannon 6 | . 1 . . . 3 1 . 1 . . . . . . . . . . . . . Ballistic Gun 3 | . 1 . 1 . . . . . . . . . . . . . . . . 1 . Ballistic Cannon 1 | . . . . . . . . 1 . . . . . . . . . . . . . Launcher 1 | . . 1 . . . . . . . . . . . . . . . . . . . Special Weapon 5 | . . . . . . 1 . 1 . 1 . . . . . . . . . 2 . Impact Weapon . | . . . . . . . . . . . . . . . . . . . . . . Slashing Weapon 1 | . . . . . 1 . . . . . . . . . . . . . . . . Piercing Weapon . | . . . . . . . . . . . . . . . . . . . . . . Special Melee Weapon . | . . . . . . . . . . . . . . . . . . . . . . Unidentified Prototypes 15 | . . . . . 3 . . 3 . . . . . 2 2 . 4 . 1 . . Parts Lost 2 | . . . . . . . . . . . . . . . . . . . . 1 1 Power . | . . . . . . . . . . . . . . . . . . . . . . Propulsion . | . . . . . . . . . . . . . . . . . . . . . . Utility 2 | . . . . . . . . . . . . . . . . . . . . 1 1 Weapon . | . . . . . . . . . . . . . . . . . . . . . . Highest Loss Streak 1 | . . . . . . . . . . . . . . . . . . . . 1 1 Average Slot Usage (%) 71 | . 93 93 66 52 61 65 68 69 70 70 70 70 71 70 71 72 71 71 72 74 93 Engine 4 | . 13 9 8 7 6 10 10 7 5 3 . . . . . . . . . . . Core 4 | . . . . . 4 . . 2 5 6 10 9 9 9 9 9 9 9 4 . 4 Treads 2 | . 32 29 12 . . . . . . . . . . . . . . . . . . Flight 4 | . . . 4 7 5 5 5 5 5 5 5 4 4 3 4 4 3 4 4 4 13 Device 25 | . 10 9 8 7 21 22 20 24 25 25 26 27 28 27 29 31 30 31 31 34 34 Processor 9 | . 9 9 12 15 6 10 10 10 10 10 10 9 9 9 9 9 9 9 8 8 13 Hackware 2 | . . . . . . . . . . . 3 4 4 4 4 4 4 4 6 2 . Protection 1 | . 1 . . . . 1 5 5 5 5 . . . . . . . . . . . Energy Gun 1 | . 11 . . . . . . . . . . . . . . . . 4 4 4 13 Energy Cannon 3 | . 7 9 4 . . 3 5 5 5 5 5 4 4 4 4 4 3 . . . . Ballistic Gun 4 | . 5 9 8 7 5 5 5 5 5 5 5 4 4 4 4 4 4 4 4 3 4 Special Weapon 3 | . . . . . . . 5 5 5 5 5 4 4 4 4 4 4 4 4 3 2 Naked Turns . | . . . . . . . . . . . . . . . . . . . . . . Heaviest Build 80 | 7 10 12 20 25 38 67 69 77 77 80 78 63 63 63 64 62 69 64 79 79 74 Greatest Support 94 | 20 65 65 77 77 77 77 77 82 82 82 82 82 82 82 82 82 94 82 82 82 26 Greatest Overweight (x) 4 | . 1 . . . 3 . . . . . . . . 4 . . 4 . . 4 2 Average Overweight (x) . | . . . . . . . . . . . . . . . . . . . . . 2 Largest Inventory Capacity 5 | 1 1 1 2 2 3 3 4 4 4 5 5 5 5 5 5 5 5 5 5 5 5 Average Capacity 4 | . 1 1 1 2 2 3 3 4 4 4 5 5 5 5 5 5 5 5 5 5 5 Most Carried 5 | . 1 1 2 2 3 3 4 4 4 5 5 5 5 5 5 5 5 5 5 5 5 Average Carried 4 | . . 1 1 1 2 2 3 3 3 4 4 4 5 4 4 4 4 4 4 4 4 Final Capacity 5 | 1 1 1 2 2 3 3 4 4 4 5 5 5 5 5 5 5 5 5 5 5 5 Final Carried 5 | . 1 1 2 2 3 3 4 4 4 5 5 5 5 5 5 5 5 5 5 5 5 Class Distribution -------------------- 60% | Hacker-Scout 6% | Hacker-Gunner 6% | Scavenger-Scout 5% | Scavenger-Mutant 3% | Mutant Dominant Class ---------------- Mutant | -10/Materials Scavenger-Mutant | -10/Mines Commander-Gunner | -10/Exiles Gunner | -9/Mines Scavenger-Scout | -8/Materials Hacker-Gunner | -7/Factory Hacker-Gunner | -7/Garrison Hacker-Scout | -7/Factory Hacker-Scout | -7/Garrison Hacker-Scout | -6/Factory Hacker-Scout | -6/Lower Caves Hacker-Scout | -6/Lower Caves Hacker-Scout | -6/Data Miner Hacker-Scout | -5/Proximity Caves Hacker-Scout | -5/Factory Hacker-Scout | -5/Garrison Hacker-Scout | -5/Factory Hacker-Scout | -5/Garrison Hacker-Scout | -4/Factory Hacker-Scout | -4/Upper Caves Hacker-Skirmisher | -4/Upper Caves Resources | -11 -10 -10 -10 -9 -8 -7 -7 -7 -7 -6 -6 -6 -6 -5 -5 -5 -5 -5 -4 -4 -4 ----------- Run | Scr Mat Min Exi Min Mat Fac Gar Fac Gar Fac Low Low Dat Pro Fac Gar Fac Gar Fac Upp Upp Matter Collected 12216 | 232 401 29 60 320 1350 535 574 1107 628 490 535 795 . 461 707 708 630 793 826 1031 4 Remotely . | . . . . . . . . . . . . . . . . . . . . . . Salvage Created 18559 | . 925 116 . 450 1212 954 998 2134 1438 621 348 1034 . 655 1424 1660 1340 1457 476 1275 42 Parts 934 | . 44 6 . 30 87 58 39 124 59 33 29 37 . 38 67 77 48 80 29 49 . Haulers Intercepted 19 | . 2 . . . 3 4 . 5 . . . . . . 2 . 3 . . . . Recyclers Shooed 3 | . 2 . . . . . . . . 1 . . . . . . . . . . . Parts Field Recycled . | . . . . . . . . . . . . . . . . . . . . . . Retrieved Matter . | . . . . . . . . . . . . . . . . . . . . . . Parts Self-Destructed 138 | . . . . . . . . . . . 26 30 . 34 . . . . . 43 5 Prevented . | . . . . . . . . . . . . . . . . . . . . . . Kills | -11 -10 -10 -10 -9 -8 -7 -7 -7 -7 -6 -6 -6 -6 -5 -5 -5 -5 -5 -4 -4 -4 ------- Run | Scr Mat Min Exi Min Mat Fac Gar Fac Gar Fac Low Low Dat Pro Fac Gar Fac Gar Fac Upp Upp Combat Hostiles Destroyed 351 | . 15 3 . 25 23 19 21 34 29 12 11 16 . 15 20 29 14 35 7 21 2 Guns 342 | . 9 2 . 25 23 19 20 34 29 12 11 16 . 14 20 29 14 35 7 21 2 Cannons 9 | . 6 1 . . . . 1 . . . . . . 1 . . . . . . . Classes Destroyed 21 | . 7 . . 4 2 2 1 1 . . 1 1 . 1 . 1 . . . . . Worker 8 | . 1 . . 1 2 . . 3 . . . . . . . . 1 . . . . Builder 4 | . 1 . . . . 1 . 1 . . . . . . 1 . . . . . . Tunneler 3 | . . . . 1 2 . . . . . . . . . . . . . . . . Hauler 19 | . 2 . . . 3 4 . 5 . . . . . . 2 . 3 . . . . Recycler 8 | . 1 1 . 1 2 2 . 1 . . . . . . . . . . . . . Operator 8 | . . . . . 2 . . 1 . 1 . . . . 1 . . . 2 1 . Watcher 19 | . 3 . . . 3 1 . 3 1 . . . . . 3 . 3 . 2 . . Swarmer 76 | . 3 2 . 3 6 . 4 . 6 . 1 3 . 4 2 14 3 18 . 6 1 Grunt 144 | . 12 1 . 7 12 12 12 22 19 3 3 8 . 2 9 3 7 10 . 2 . Brawler 7 | . . . . 1 . . . 1 1 . 1 . . 2 . . 1 . . . . Duelist 16 | . . . . . . . 1 . 1 1 4 1 . 2 1 . . . . 4 1 Protector 2 | . . . . . . . . 2 . . . . . . . . . . . . . Sentry 38 | . . . . . 5 1 3 4 1 3 1 . . 2 2 6 1 5 2 2 . Demolisher 2 | . . . . 2 . . . . . . . . . . . . . . . . . Specialist 1 | . . . . . . . . . . . . . . . . 1 . . . . . Hunter 22 | . . . . . . 3 1 1 1 3 . 3 . . 3 4 . . 1 2 . Programmer 21 | . . . . . . 3 . 4 . 2 . . . . 2 . 2 2 4 2 . Behemoth 5 | . . . . . . . . . . . . . . 1 1 1 . 1 . 1 . Master Thief 6 | . . . . . . . . . . . . 2 . 2 . . . . . 2 . Assembled 13 | . . . . 13 . . . . . . . . . . . . . . . . . Mutant 1 | . . . . . . . . . . . 1 . . . . . . . . . . Best Kill Streak 19 | . 5 2 . 15 10 4 9 8 19 4 7 4 . 7 7 10 4 18 4 13 1 Combat Bots Only 19 | . 4 2 . 15 7 3 9 8 19 4 7 4 . 7 6 10 4 18 3 13 1 Max Kills in Single Turn 3 | . 2 1 . 2 2 2 1 3 1 1 2 1 . 1 1 2 1 2 1 2 1 Gunslinging . | . . . . . . . . . . . . . . . . . . . . . . Exploded . | . . . . . . . . . . . . . . . . . . . . . . Melee . | . . . . . . . . . . . . . . . . . . . . . . Uniques/NPCs Destroyed . | . . . . . . . . . . . . . . . . . . . . . . Combat | -11 -10 -10 -10 -9 -8 -7 -7 -7 -7 -6 -6 -6 -6 -5 -5 -5 -5 -5 -4 -4 -4 -------- Run | Scr Mat Min Exi Min Mat Fac Gar Fac Gar Fac Low Low Dat Pro Fac Gar Fac Gar Fac Upp Upp Damage Taken 6038 | . 912 40 . 103 237 289 221 623 187 118 96 230 . 29 293 280 239 362 318 217 1244 Core 4698 | . 741 32 . 82 186 210 161 456 131 82 74 180 . 24 233 222 194 284 255 168 983 Absorbed by Shields 1532 | . . . . . . . 29 236 73 46 36 89 . 11 109 107 87 139 115 83 372 Redirected to Core 4075 | . 575 25 . 82 171 204 161 438 122 79 65 161 . 17 200 168 164 240 229 151 823 Core Remaining (%) 99 | 100 . . . 100 98 . . . 100 . . . . 100 . . . 97 . . . Volleys Fired 1113 | . 75 15 . 38 65 64 68 90 72 35 39 43 . 57 60 80 67 103 52 85 5 Largest 5 | . 2 2 . 1 2 2 2 1 1 1 1 1 . 1 1 1 1 1 1 5 5 Hottest 293 | . 80 80 . 60 135 150 150 90 90 90 90 60 . 90 90 90 81 81 60 293 293 Shots Fired 1236 | . 138 30 . 38 70 63 71 91 72 35 39 43 . 57 60 80 67 102 52 107 21 Gun 1018 | . 96 15 . 38 62 50 41 84 61 34 26 43 . 38 59 56 65 95 34 101 20 Cannon 153 | . 42 15 . . 8 13 20 6 11 1 10 . . 16 1 10 . . . . . Launcher . | . . . . . . . . . . . . . . . . . . . . . . Special 65 | . . . . . . . 10 1 . . 3 . . 3 . 14 2 7 18 6 1 Kinetic 876 | . 30 15 . 38 62 50 41 84 61 34 26 43 . 38 59 56 62 58 34 80 5 Thermal 292 | . 108 15 . . 5 13 20 6 11 1 10 . . 16 1 10 3 37 . 21 15 Explosive . | . . . . . . . . . . . . . . . . . . . . . . Electromagnetic 3 | . . . . . 3 . . . . . . . . . . . . . . . . Robot Hit Streak 42 | . 24 5 . 14 12 23 39 31 28 34 38 22 . 27 23 42 40 41 22 25 8 Robot Miss Streak 8 | . 3 1 . 8 3 4 4 3 2 2 3 5 . 3 4 4 3 4 2 4 1 Penetration Max 1 | . . . . . . . . . . . . . . . . . . . . 1 . Secondary Targets 3 | . 3 . . . . . . . . . . . . . . . . . . . . Max Gunslinging Chain 1 | . 1 . . . . . . . . . . . . . . . . . . . . Shots Hit Robots 1015 | . 82 9 . 36 67 57 62 85 62 34 28 42 . 53 59 65 52 72 45 92 13 Core Hits 774 | . 41 3 . 33 50 43 41 81 61 31 22 33 . 29 57 61 41 64 27 52 4 Critical Hits 3 | . . . . . . . . . . . . . . . . . 1 2 . . . Critical Kills 1 | . . . . . . . . . . . . . . . . . . 1 . . . Critical Parts Destroyed 2 | . . . . . . . . . . . . . . . . . 1 1 . . . Melee Attacks 8 | . . . . . 8 . . . . . . . . . . . . . . . . Impact . | . . . . . . . . . . . . . . . . . . . . . . Slashing 8 | . . . . . 8 . . . . . . . . . . . . . . . . Piercing . | . . . . . . . . . . . . . . . . . . . . . . Sneak Attacks 1 | . . . . . 1 . . . . . . . . . . . . . . . . Combat Hostiles . | . . . . . . . . . . . . . . . . . . . . . . Follow-up Attacks . | . . . . . . . . . . . . . . . . . . . . . . Damage Inflicted 50767 | . 1139 107 . 1407 2864 3122 3127 5927 3429 2117 1476 2301 . 2594 3705 3558 3619 3624 1870 4451 330 Guns 47775 | . 713 20 . 1407 2492 2861 2732 5112 3329 2117 1476 2301 . 2058 3705 3558 3619 3624 1870 4451 330 Cannons 1966 | . 421 69 . . 120 261 395 64 100 . . . . 536 . . . . . . . Explosions 751 | . . . . . . . . 751 . . . . . . . . . . . . . Melee 252 | . . . . . 252 . . . . . . . . . . . . . . . . Ramming 23 | . 5 18 . . . . . . . . . . . . . . . . . . . Kinetic 46262 | . 91 20 . 1407 2492 2861 2732 5112 3329 2117 1476 2301 . 2058 3705 3558 3569 3305 1870 4192 67 Thermal 4185 | . 1043 69 . . 75 261 395 815 100 . . . . 536 . . 50 319 . 259 263 Explosive . | . . . . . . . . . . . . . . . . . . . . . . Electromagnetic 45 | . . . . . 45 . . . . . . . . . . . . . . . . Impact . | . . . . . . . . . . . . . . . . . . . . . . Slashing 252 | . . . . . 252 . . . . . . . . . . . . . . . . Piercing . | . . . . . . . . . . . . . . . . . . . . . . Highest Corruption 6 | . 1 1 1 1 1 1 1 6 3 . . . . . 1 1 1 1 2 2 . Average Corruption 1 | . 1 1 1 1 1 1 1 3 2 . . . . . 1 1 1 1 1 1 . Corruption Purged 9 | . . . . . 1 . . 3 3 . . . . . . . . . . 2 . Effects 64 | . 1 5 . 3 1 3 4 19 1 . . . . . . 7 9 8 2 1 . Message Errors 21 | . 1 3 . 2 . . . 6 . . . . . . . 3 2 4 . . . Matter Fused 3 | . . . . . . . . 3 . . . . . . . . . . . . . Heat Flow Errors 3 | . . . . . . . . 3 . . . . . . . . . . . . . Energy Discharges 11 | . . 2 . . . . . 2 1 . . . . . . 2 3 1 . . . Data Loss (minor) 14 | . . . . . 1 . 3 2 . . . . . . . 1 2 2 2 1 . Data Loss (major) 1 | . . . . . . . . 1 . . . . . . . . . . . . . Misfires 1 | . . . . . . . . 1 . . . . . . . . . . . . . Targeting Errors 7 | . . . . 1 . 1 1 1 . . . . . . . 1 2 . . . . Weapon Failures 3 | . . . . . . 2 . . . . . . . . . . . 1 . . . Overload Shots . | . . . . . . . . . . . . . . . . . . . . . . Overflow Damage 142 | . . . . . 2 . 12 128 . . . . . . . . . . . . . Projectiles 12 | . . . . . . . 12 . . . . . . . . . . . . . . Explosions 128 | . . . . . . . . 128 . . . . . . . . . . . . . Melee 2 | . . . . . 2 . . . . . . . . . . . . . . . . Knockbacks . | . . . . . . . . . . . . . . . . . . . . . . Impact . | . . . . . . . . . . . . . . . . . . . . . . Kinetic . | . . . . . . . . . . . . . . . . . . . . . . Secondary . | . . . . . . . . . . . . . . . . . . . . . . Self-Inflicted Damage 212 | . . . . . . . . 212 . . . . . . . . . . . . . Shots 3 | . . . . . . . . 3 . . . . . . . . . . . . . Rammed 6 | . 1 5 . . . . . . . . . . . . . . . . . . . Targets Rammed 8 | . 2 6 . . . . . . . . . . . . . . . . . . . Kicked . | . . . . . . . . . . . . . . . . . . . . . . Crushed 2 | . 1 1 . . . . . . . . . . . . . . . . . . . Highest Temperature 374 | . 330 24 . 374 126 329 197 240 182 70 19 1 . 22 . . . 32 . 81 162 Average Temperature 70 | . 103 11 . 120 40 115 63 37 53 29 19 1 . 22 . . . 15 . 44 60 Received Heat Transfer 1400 | . 483 . . 12 81 27 90 184 66 8 19 38 . 6 33 18 60 72 15 6 182 Effects 1 | . . . . 1 . . . . . . . . . . . . . . . . . Interference 1 | . . . . 1 . . . . . . . . . . . . . . . . . Siege Activations . | . . . . . . . . . . . . . . . . . . . . . . Robots Corrupted . | . . . . . . . . . . . . . . . . . . . . . . Combat Hostiles . | . . . . . . . . . . . . . . . . . . . . . . Parts Fried . | . . . . . . . . . . . . . . . . . . . . . . Impact Corruptions . | . . . . . . . . . . . . . . . . . . . . . . Robots Melted 1 | . . . . . . . 1 . . . . . . . . . . . . . . Combat Hostiles . | . . . . . . . . . . . . . . . . . . . . . . Parts Melted 7 | . 2 1 . . . . 1 . . . . . . 1 . . . 1 . 1 . Heat Transferred 6328 | . 2313 148 . . 111 400 574 600 150 . . . . 700 . . 74 481 . 407 370 Parts Sabotaged . | . . . . . . . . . . . . . . . . . . . . . . Parts Stolen 7 | . . . . . . . . . . . . . . . . . . . . 7 . Parts Stripped . | . . . . . . . . . . . . . . . . . . . . . . Power Chain Reactions . | . . . . . . . . . . . . . . . . . . . . . . Missiles Intercepted . | . . . . . . . . . . . . . . . . . . . . . . Alert | -11 -10 -10 -10 -9 -8 -7 -7 -7 -7 -6 -6 -6 -6 -5 -5 -5 -5 -5 -4 -4 -4 ------- Run | Scr Mat Min Exi Min Mat Fac Gar Fac Gar Fac Low Low Dat Pro Fac Gar Fac Gar Fac Upp Upp Peak Influence 1692 | . 403 257 . 409 641 732 1111 1173 1634 1202 . . . . 485 1227 1318 1692 1067 . . Average Influence 692 | . 193 130 . 275 396 343 745 850 1151 1024 . . . . 195 734 887 1145 814 . . Maximum Alert Level 5 | . 2 1 . 2 2 3 4 4 5 4 . . . . 2 4 4 5 3 . . Low Security (%) 11 | 100 53 68 . 28 5 16 . . . . . . . . 57 . . . . . . Level 1 20 | . 45 31 . 50 50 55 12 . . . . . . . 29 36 . . . . . Level 2 15 | . . . . 20 44 23 23 19 . . . . . . 12 12 15 18 11 . . Level 3 35 | . . . . . . 3 59 71 35 66 . . . . . 33 63 34 88 . . Level 4 15 | . . . . . . . 4 8 60 33 . . . . . 17 21 35 . . . Level 5 1 | . . . . . . . . . 3 . . . . . . . . 11 . . . High Security . | . . . . . . . . . . . . . . . . . . . . . . Max Security . | . . . . . . . . . . . . . . . . . . . . . . Squads Dispatched 66 | . 3 . . 1 5 12 . 12 . 10 . . . . 7 . 8 . 7 . 1 Investigation 22 | . 2 . . 1 1 8 . 2 . 1 . . . . 4 . 3 . . . . Extermination 13 | . . . . . . 2 . 4 . 2 . . . . 1 . 1 . 3 . . Reinforcement 17 | . 1 . . . 4 2 . 2 . 2 . . . . 2 . 3 . 1 . . Assault 8 | . . . . . . . . 3 . 1 . . . . . . 1 . 2 . 1 Garrison 6 | . . . . . . . . 1 . 4 . . . . . . . . 1 . . Intercept . | . . . . . . . . . . . . . . . . . . . . . . Construction Impeded 1 | . . . . . . . . . . . . . . . . . 1 . . . . Haulers Reinforced 3 | . . . . . . . . 1 . . . . . . 1 . 1 . . . . Stealth | -11 -10 -10 -10 -9 -8 -7 -7 -7 -7 -6 -6 -6 -6 -5 -5 -5 -5 -5 -4 -4 -4 --------- Run | Scr Mat Min Exi Min Mat Fac Gar Fac Gar Fac Low Low Dat Pro Fac Gar Fac Gar Fac Upp Upp Distress Signals 10 | . 1 . . . 2 . . 1 . . . . . . . . . . 6 . . Communications Jammed . | . . . . . . . . . . . . . . . . . . . . . . Distress Signals . | . . . . . . . . . . . . . . . . . . . . . . Times Spotted 486 | . 24 5 . 27 40 24 26 42 30 18 13 16 . 16 29 34 34 41 21 28 18 Peak Tracking Total 14 | . 4 3 . 6 7 3 6 6 12 4 7 4 . 7 5 9 6 9 3 5 14 Tactical Retreats 14 | . 1 1 . . 1 . . 1 . 1 . . . . 1 . 2 . 3 1 2 Traps | -11 -10 -10 -10 -9 -8 -7 -7 -7 -7 -6 -6 -6 -6 -5 -5 -5 -5 -5 -4 -4 -4 ------- Run | Scr Mat Min Exi Min Mat Fac Gar Fac Gar Fac Low Low Dat Pro Fac Gar Fac Gar Fac Upp Upp Traps Triggered 33 | . 3 . . . . 1 8 1 9 . . . . . 2 8 1 . . . . Indirectly . | . . . . . . . . . . . . . . . . . . . . . . Trap Hack Attempts . | . . . . . . . . . . . . . . . . . . . . . . Triggered . | . . . . . . . . . . . . . . . . . . . . . . Disarmed . | . . . . . . . . . . . . . . . . . . . . . . Reprogrammed . | . . . . . . . . . . . . . . . . . . . . . . Reused . | . . . . . . . . . . . . . . . . . . . . . . Traps Extracted . | . . . . . . . . . . . . . . . . . . . . . . Installed . | . . . . . . . . . . . . . . . . . . . . . . Triggered 3 | . . . . . . . . . . . 2 . . . . . . . 1 . . Machines | -11 -10 -10 -10 -9 -8 -7 -7 -7 -7 -6 -6 -6 -6 -5 -5 -5 -5 -5 -4 -4 -4 ---------- Run | Scr Mat Min Exi Min Mat Fac Gar Fac Gar Fac Low Low Dat Pro Fac Gar Fac Gar Fac Upp Upp Machines Disabled 78 | . 11 4 . 5 8 1 4 21 6 . 2 . . . 3 5 2 5 1 . . Max in Single Turn 9 | . 1 1 . 2 1 1 1 9 1 . 1 . . . 1 1 1 1 1 . . Garrison Access 1 | . . . . . . . . . . . . . . . . . . . 1 . . Garrison Relay 17 | . . . . . . . 4 . 4 . . . . . . 4 . 5 . . . Machines Sabotaged . | . . . . . . . . . . . . . . . . . . . . . . Garrisons Compromised . | . . . . . . . . . . . . . . . . . . . . . . Overloaded Fab Kills . | . . . . . . . . . . . . . . . . . . . . . . Fab Network Shutdowns 2 | . . . . . . . . . . . . . . . . . 1 . 1 . . Hacking | -11 -10 -10 -10 -9 -8 -7 -7 -7 -7 -6 -6 -6 -6 -5 -5 -5 -5 -5 -4 -4 -4 --------- Run | Scr Mat Min Exi Min Mat Fac Gar Fac Gar Fac Low Low Dat Pro Fac Gar Fac Gar Fac Upp Upp Machines Accessed 120 | . 9 . 1 1 9 15 . 16 . 13 1 2 4 . 13 . 23 . 12 1 . Terminals 62 | . 7 . . 1 5 8 . 9 . 6 . . . . 6 . 14 . 6 . . Fabricators 12 | . . . . . . . . 1 . 2 . . . . 2 . 5 . 2 . . Repair Stations 1 | . . . . . 1 . . . . . . . . . . . . . . . . Recycling Units 14 | . 2 . . . 1 1 . 2 . 2 . . . . 2 . 2 . 2 . . Scanalyzers 10 | . . . . . 1 4 . 2 . 1 . . . . 1 . . . 1 . . Garrison Access 12 | . . . . . 1 2 . 2 . 2 . . . . 2 . 2 . 1 . . Total Hacks 471 | . 27 . 1 5 27 53 . 67 . 54 1 6 28 . 67 . 88 . 46 1 . Successful 316 | . 16 . 1 1 17 27 . 37 . 36 1 6 28 . 52 . 62 . 31 1 . Failed 155 | . 11 . . 4 10 26 . 30 . 18 . . . . 15 . 26 . 15 . . Catastrophic 10 | . 1 . . . . 3 . 1 . 1 . . . . 2 . 1 . 1 . . Database Lockouts . | . . . . . . . . . . . . . . . . . . . . . . Manual 233 | . 22 . 1 5 15 19 . 34 . 31 . . . . 32 . 53 . 21 . . Terminals 229 | . 20 . . 5 16 27 . 36 . 26 . . . . 26 . 51 . 22 . . Fabricators 48 | . . . . . . . . 2 . 6 . . . . 11 . 22 . 7 . . Repair Stations 2 | . . . . . 2 . . . . . . . . . . . . . . . . Recycling Units 55 | . 7 . . . 3 7 . 7 . 9 . . . . 6 . 7 . 9 . . Scanalyzers 44 | . . . . . 4 13 . 11 . 2 . . . . 11 . . . 3 . . Garrison Access 56 | . . . . . 2 6 . 11 . 11 . . . . 13 . 8 . 5 . . Terminal Hacks 103 | . 1 . 1 . 3 9 . 9 . 9 1 6 28 . 8 . 17 . 10 1 . Record 18 | . . . . . . 1 . . . 1 . 5 11 . . . . . . . . Part Schematic 16 | . . . . . . . . . . 1 . . 10 . 2 . 2 . 1 . . Robot Schematic 6 | . . . . . . . . 2 . . . . 4 . . . . . . . . Robot Analysis 4 | . . . . . 1 1 . 1 . . . . . . 1 . . . . . . Prototype ID Bank 12 | . . . . . 1 1 . . . 2 . . 3 . 1 . 3 . 1 . . Open Door 4 | . . . . . . . . . . . 1 1 . . 1 . . . . 1 . Level Access Points 2 | . . . . . . . . . . . . . . . 1 . . . 1 . . Branch Access Points 4 | . . . . . . . . 1 . 1 . . . . . . 1 . 1 . . Terminal Index 1 | . . . . . . . . . . . . . . . . . 1 . . . . Fabricator Index 1 | . . . . . . . . . . . . . . . . . . . 1 . . Garrison Index 1 | . . . . . . . . . . . . . . . . . 1 . . . . Alert Level 2 | . . . . . . . . . . 1 . . . . 1 . . . . . . Unreport Threat 18 | . 1 . . . . 3 . 3 . 2 . . . . . . 5 . 4 . . Locate Traps 5 | . . . . . . 2 . . . . . . . . . . 3 . . . . Recall Reinforcements 2 | . . . . . 1 . . . . 1 . . . . . . . . . . . Registered Components 2 | . . . . . . . . 1 . . . . . . . . 1 . . . . Registered Prototypes 2 | . . . . . . . . . . . . . . . 1 . . . 1 . . Zone Layout 2 | . . . . . . 1 . 1 . . . . . . . . . . . . . EX-Prototype ID Bank 1 | . . . 1 . . . . . . . . . . . . . . . . . . Fabricator Hacks 21 | . . . . . . . . . . 2 . . . . 5 . 10 . 4 . . Network Status 2 | . . . . . . . . . . . . . . . 1 . 1 . . . . Load Schematic 8 | . . . . . . . . . . . . . . . 2 . 4 . 2 . . Build 11 | . . . . . . . . . . 2 . . . . 2 . 5 . 2 . . Repair Station Hacks 1 | . . . . . 1 . . . . . . . . . . . . . . . . Refit 1 | . . . . . 1 . . . . . . . . . . . . . . . . Recycling Unit Hacks 22 | . 3 . . . 3 2 . 3 . 2 . . . . 3 . 3 . 3 . . Recycle Component 1 | . . . . . 1 . . . . . . . . . . . . . . . . Process 1 | . . . . . 1 . . . . . . . . . . . . . . . . Report Inventory 13 | . 1 . . . 1 1 . 2 . 2 . . . . 2 . 2 . 2 . . Retrieve Components 7 | . 2 . . . . 1 . 1 . . . . . . 1 . 1 . 1 . . Scanalyzer 38 | . . . . . 4 9 . 10 . 2 . . . . 11 . . . 2 . . Insert Component 17 | . . . . . 2 5 . 4 . 1 . . . . 4 . . . 1 . . Analyze 21 | . . . . . 2 4 . 6 . 1 . . . . 7 . . . 1 . . Garrison Access Hacks 11 | . . . . . . 1 . 3 . 2 . . . . 2 . 2 . 1 . . Unlock Access 8 | . . . . . . 1 . 2 . 1 . . . . 1 . 2 . 1 . . Coupler Status 3 | . . . . . . . . 1 . 1 . . . . 1 . . . . . . Unauthorized Hacks 300 | . 31 . . 3 16 19 . 37 . 44 . . . . 51 . 74 . 25 . . Terminals 54 | . 9 . . 1 5 2 . 4 . 4 . . . . 10 . 15 . 4 . . Track 7 | . 1 . . . . . . . . . . . . . 3 . 3 . . . . Assimilate 8 | . 1 . . . . . . . . 1 . . . . 1 . 3 . 2 . . Botnet 34 | . 5 . . 1 5 2 . 4 . 3 . . . . 4 . 8 . 2 . . Disrupt 3 | . 2 . . . . . . . . . . . . . 1 . . . . . . Operators 2 | . . . . . . . . . . . . . . . 1 . 1 . . . . Fabricators 17 | . . . . . . . . . . 2 . . . . 4 . 10 . 1 . . Report 2 | . . . . . . . . . . . . . . . . . 2 . . . . Prioritize 5 | . . . . . . . . . . 1 . . . . 2 . 2 . . . . Siphon 9 | . . . . . . . . . . 1 . . . . 2 . 5 . 1 . . Haulers 1 | . . . . . . . . . . . . . . . . . 1 . . . . Repair Stations . | . . . . . . . . . . . . . . . . . . . . . . Recycling Units 17 | . 3 . . . . 2 . 2 . 5 . . . . 1 . 2 . 2 . . Monitor 2 | . 1 . . . . . . . . 1 . . . . . . . . . . . Reject 12 | . 2 . . . . 1 . 2 . 2 . . . . 1 . 2 . 2 . . Mask 3 | . . . . . . 1 . . . 2 . . . . . . . . . . . Scanalyzers . | . . . . . . . . . . . . . . . . . . . . . . Garrison Access 32 | . . . . . 1 2 . 6 . 8 . . . . 8 . 3 . 4 . . Broadcast 4 | . . . . . . . . 1 . 1 . . . . 1 . . . 1 . . Decoy 4 | . . . . . . . . 1 . 1 . . . . 1 . . . 1 . . Redirect 3 | . . . . . . . . 1 . 1 . . . . 1 . . . . . . Reprogram 11 | . . . . . 1 2 . 1 . 2 . . . . 2 . 2 . 1 . . Intercept 4 | . . . . . . . . 1 . 1 . . . . 1 . . . 1 . . Watchers 6 | . . . . . . . . 1 . 2 . . . . 2 . 1 . . . . Data Cores Recovered 2 | . . . . . . 1 . . . . . . . . . . . . 1 . . Used 1 | . . . . . . 1 . . . . . . . . . . . . . . . Hacking Detections 108 | . 9 . . 1 9 15 . 15 . 13 . . . . 12 . 22 . 12 . . Full Trace Events 20 | . 2 . . 1 2 5 . 2 . 1 . . . . 4 . 3 . . . . Feedback Events 1 | . . . . . 1 . . . . . . . . . . . . . . . . Corruption 1 | . . . . . 1 . . . . . . . . . . . . . . . . Feedback Blocked . | . . . . . . . . . . . . . . . . . . . . . . Robot Schematics Acquired 6 | . . . . . . . . 2 . . . . 4 . . . . . . . . Robots Built 7 | . . . . . . . . . . . . . . . 4 . . . 3 . . Matter 591 | . . . . . . . . . . . . . . . 378 . . . 213 . . Time 142 | . . . . . . . . . . . . . . . 66 . . . 76 . . Total Robot Build Rating 31 | . . . . . . . . . . . . . . . 16 . . . 15 . . Part Schematics Acquired 31 | . . . . . 2 3 . 4 . 2 . . 10 . 6 . 2 . 2 . . Parts Built 5 | . . . . . . . . . . 2 . . . . . . 1 . 2 . . Matter 1152 | . . . . . . . . . . 490 . . . . . . 384 . 278 . . Time 341 | . . . . . . . . . . 167 . . . . . . 128 . 46 . . Total Part Build Rating 41 | . . . . . . . . . . 15 . . . . . . 8 . 18 . . Parts Repaired . | . . . . . . . . . . . . . . . . . . . . . . Time . | . . . . . . . . . . . . . . . . . . . . . . Parts Recycled 1 | . . . . . 1 . . . . . . . . . . . . . . . . Recycled Matter 30 | . . . . . 30 . . . . . . . . . . . . . . . . Retrieved Matter . | . . . . . . . . . . . . . . . . . . . . . . Retrieved Components 28 | . 12 . . . . 3 . 2 . . . . . . 2 . 6 . 3 . . Parts Scanalyzed 15 | . . . . . 2 3 . 4 . 1 . . . . 4 . . . 1 . . Part Schematics Acquired 15 | . . . . . 2 3 . 4 . 1 . . . . 4 . . . 1 . . Parts Damaged . | . . . . . . . . . . . . . . . . . . . . . . Bothacking | -11 -10 -10 -10 -9 -8 -7 -7 -7 -7 -6 -6 -6 -6 -5 -5 -5 -5 -5 -4 -4 -4 ------------ Run | Scr Mat Min Exi Min Mat Fac Gar Fac Gar Fac Low Low Dat Pro Fac Gar Fac Gar Fac Upp Upp Used RIF Installer 4 | . . . . . . . 1 . 1 . . . . . . 1 . 1 . . . Coupler Efficiency 1 | . . . . . . . . . . . . . . . . . . 1 . . . Program Shield 1 | . . . . . . . . . 1 . . . . . . . . . . . . Autooverride 1 | . . . . . . . . . . . . . . . . 1 . . . . . Robots Hacked 26 | . . . . . . . 2 . . . 1 . . 1 . 3 1 8 10 . . Non-combat 10 | . . . . . . . . . . . . . . . . . 1 . 9 . . Combat 16 | . . . . . . . 2 . . . 1 . . 1 . 3 . 8 1 . . Autooverrided 2 | . . . . . . . . . . . . . . . . . . 2 . . . Robot Hacks Applied 32 | . . . . . . . 2 . . . 1 . . 1 . 3 2 7 16 . . parse_system 2 | . . . . . . . . . . . . . . . . . . 1 1 . . find_chute 3 | . . . . . . . . . . . . . . . . . . . 3 . . find_fabricator 1 | . . . . . . . . . . . . . . . . . . . 1 . . drop_inventory 1 | . . . . . . . . . . . . . . . . . . . 1 . . find_recycling 4 | . . . . . . . . . . . . . . . . . 1 . 3 . . ignore_parts 4 | . . . . . . . . . . . . . . . . . 1 . 3 . . map_route 2 | . . . . . . . . . . . . . . . . . . . 2 . . mark_security 1 | . . . . . . . . . . . . . . . . . . . 1 . . relay_feed 1 | . . . . . . . . . . . . . . . . . . . 1 . . disable_weapons 2 | . . . . . . . . . . . . . . 1 . . . 1 . . . overwrite_iff 1 | . . . . . . . . . . . . . . . . 1 . . . . . formatsys_high 10 | . . . . . . . 2 . . . 1 . . . . 2 . 5 . . . Relay Couplers Released 29 | . . . . . . . 6 . 7 . . . . . . 7 . 8 1 . . Machine Destruction 29 | . . . . . . . 6 . 7 . . . . . . 7 . 8 1 . . Attached 7 | . . . . . . . 1 . . . 1 . . 1 . 1 . 1 2 . . Robots Rewired 15 | . . . . . . . 3 . . . 2 . . 2 . 6 . . . 2 . Allies Hacked 1 | . . . . . . . . . . . . . . . . . . . 1 . . Hacks Repelled . | . . . . . . . . . . . . . . . . . . . . . . Allies | -11 -10 -10 -10 -9 -8 -7 -7 -7 -7 -6 -6 -6 -6 -5 -5 -5 -5 -5 -4 -4 -4 -------- Run | Scr Mat Min Exi Min Mat Fac Gar Fac Gar Fac Low Low Dat Pro Fac Gar Fac Gar Fac Upp Upp Total Allies 59 | . 1 5 . . . 5 5 . . 3 3 . . 3 6 9 2 7 7 2 1 Largest Group 8 | . 1 5 5 4 1 5 3 3 . 2 3 3 2 3 3 7 6 5 8 2 1 Highest-Rated Group 302 | . 10 81 81 50 13 80 114 102 . 48 113 80 51 145 102 285 256 215 302 79 146 Highest-Rated Ally 146 | . 10 31 31 16 13 16 38 38 . 38 81 31 31 94 38 46 46 81 81 49 146 Total Orders 15 | . . . . . . . . . . 1 . . . . 1 . 3 2 5 3 . FOLLOW 4 | . . . . . . . . . . . . . . . 1 . . 1 . 2 . EXPLORE 11 | . . . . . . . . . . 1 . . . . . . 3 1 5 1 . Ally Attacks 341 | . . 16 . 30 5 36 14 4 . 6 13 27 . 39 19 12 50 11 40 18 1 Total Damage 7663 | . . 149 . 271 58 492 330 105 . 220 595 500 . 521 289 298 1736 262 1190 568 79 Kills 44 | . . 2 . 3 1 5 4 . . 2 1 . . 1 1 3 12 1 7 1 . Allies Corrupted 3 | . . . . . . 1 . 1 . . . . . . . . . . 1 . . Allies Melted 2 | . . . . . . . . . . . . . . . . 1 . . 1 . . Intel | -11 -10 -10 -10 -9 -8 -7 -7 -7 -7 -6 -6 -6 -6 -5 -5 -5 -5 -5 -4 -4 -4 ------- Run | Scr Mat Min Exi Min Mat Fac Gar Fac Gar Fac Low Low Dat Pro Fac Gar Fac Gar Fac Upp Upp Robot Analysis Total 4 | . . . . . 1 1 . 1 . . . . . . 1 . . . . . . Derelict Logs Recovered 4 | . . 1 . 1 . . . . . . 1 . . . . . . . . 1 . Drone Launches 18 | . . . . . . . . . . 2 . . . . . . 8 . 8 . . Drone Recoveries . | . . . . . . . . . . . . . . . . . . . . . . Exploration | -11 -10 -10 -10 -9 -8 -7 -7 -7 -7 -6 -6 -6 -6 -5 -5 -5 -5 -5 -4 -4 -4 ------------- Run | Scr Mat Min Exi Min Mat Fac Gar Fac Gar Fac Low Low Dat Pro Fac Gar Fac Gar Fac Upp Upp Turns Passed 22406 | 29 919 779 395 234 1832 1422 1359 1733 2047 919 1017 1097 365 1008 881 1203 1376 1009 983 1648 151 Spaces Moved 20871 | 38 862 589 424 287 1718 1656 919 1813 799 1236 714 763 119 726 1212 1036 1825 1317 1346 1366 106 Core 914 | 36 675 136 . . . . . . . . . . . 1 . . 1 . . 65 . Treads 639 | 2 184 334 119 . . . . . . . . . . . . . . . . . . Legs . | . . . . . . . . . . . . . . . . . . . . . . Wheels 453 | . 3 119 . . . . . . . . . . . . . . . . . 225 106 Hover 1 | . . . . . . . . . . . . . . . . . . . . 1 . Flight 18864 | . . . 305 287 1718 1656 919 1813 799 1236 714 763 119 725 1212 1036 1824 1317 1346 1075 . Fastest Speed 50 | 50 50 50 50 50 50 50 50 50 50 50 50 50 50 50 50 50 50 50 50 50 120 Average Speed 55 | 55 77 118 80 50 50 50 50 50 50 50 50 50 50 50 50 50 50 50 50 70 120 Slowest Speed 250 | 160 160 160 160 50 245 50 50 50 50 50 50 50 50 250 50 50 250 50 50 250 120 Overloaded Moves . | . . . . . . . . . . . . . . . . . . . . . . Propulsion Burnouts . | . . . . . . . . . . . . . . . . . . . . . . Robots Hopped 142 | . . . . 5 23 16 . 11 . 8 10 1 . 2 10 . 12 12 24 8 . Cave-ins Triggered 1 | . . . . . . . . . . . . . . . . . . . 1 . . Exploration Rate (%) 64 | 3 81 97 70 52 78 31 86 48 90 37 67 84 75 69 35 87 51 94 42 96 39 Regions Visited 21 Branch Regions 9 Pre-discovered Areas 2 | . . . . . . . . . . . . . 1 . . . . . . 1 . Known Exits Taken 12 | . . . . . 1 1 . 1 . 1 1 1 1 1 1 . 1 . 1 1 . Unknown Exits Taken 5 | 1 1 1 1 1 . . . . . . . . . . . . . . . . . Scrap Searched 11 | . . 1 . 1 . . . . . . 2 4 . . . . . . . 3 . Spaces Dug 25 | . . . . . . 1 . 2 1 1 10 . . 2 1 . 2 . 4 1 . Terrain Destroyed 376 | . . . . 58 58 15 . 156 1 4 22 10 . 8 7 . 3 . 10 21 3 Melee . | . . . . . . . . . . . . . . . . . . . . . . Projectile 237 | . . . . 58 58 15 . 17 1 4 22 10 . 8 7 . 3 . 10 21 3 AOE 139 | . . . . . . . . 139 . . . . . . . . . . . . . Actions | -11 -10 -10 -10 -9 -8 -7 -7 -7 -7 -6 -6 -6 -6 -5 -5 -5 -5 -5 -4 -4 -4 --------- Run | Scr Mat Min Exi Min Mat Fac Gar Fac Gar Fac Low Low Dat Pro Fac Gar Fac Gar Fac Upp Upp Total 31183 | 42 982 639 478 372 2646 2223 1793 2623 2435 1527 1352 1479 423 1351 1475 1710 2271 1615 1634 1998 115 Wait 8428 | . 7 22 41 12 826 456 729 662 1384 252 590 657 305 552 179 525 347 174 213 494 1 Move 20590 | 37 861 588 423 276 1673 1627 917 1791 797 1220 697 760 118 721 1192 1034 1802 1295 1305 1350 106 Hop 115 | . . . . 5 21 12 . 10 . 7 6 1 . 2 10 . 10 8 16 7 . Pick Up 65 | . 3 . 3 3 5 8 4 5 3 2 1 3 . 3 4 5 3 2 6 1 1 Fast Attach 97 | 5 11 2 2 1 12 4 1 7 . 1 1 . . 3 4 . 11 1 7 24 . Attach 17 | . . . 1 1 2 3 1 3 . . . 1 . 1 . . . 1 1 1 1 Detach 18 | . . . . 1 4 4 1 2 . . . . . 1 . . 1 1 1 2 . Swap 37 | . 5 . . . 1 4 3 4 1 3 2 . . 2 2 5 . 2 1 2 . Drop 124 | . 12 1 8 2 11 10 3 12 3 3 2 2 . 6 6 5 12 1 11 13 1 Fire 1113 | . 75 15 . 38 65 64 68 90 72 35 39 43 . 57 60 80 67 103 52 85 5 Melee 8 | . . . . . 8 . . . . . . . . . . . . . . . . Ram . | . . . . . . . . . . . . . . . . . . . . . . Kick . | . . . . . . . . . . . . . . . . . . . . . . Crush 8 | . 2 6 . . . . . . . . . . . . . . . . . . . Escape Stasis 237 | . . . . . . 8 52 . 162 . . . . . . 15 . . . . . Rewire 24 | . . . . . . . 1 . . . 1 . . . . 17 . 5 . . . Trap . | . . . . . . . . . . . . . . . . . . . . . . Miscellaneous 302 | . 6 5 . 33 18 23 13 37 13 4 13 12 . 3 18 24 18 22 21 19 . Route ------- -11/Scrapyard -10/Materials (discovered 4 exits: [*Mat x3] / [*Min]) -10/Mines (discovered 3 exits: [*Mat x2] / *Exi) -10/Exiles -9/Mines -8/Materials (discovered 3 exits: *Fac x3) -7/Factory (discovered 2 exits: *Low / Gar) -7/Garrison (discovered 3 exits: *Fac x3) -7/Factory (discovered 9 exits: *Fac x3 / *Sto x2 / *Low x2 / Gar / Gar) -7/Garrison (discovered 3 exits: *Fac x3) -6/Factory (discovered 4 exits: *Fac / *Low x2 / Gar) -6/Lower Caves -6/Lower Caves (discovered 2 exits: *Fac / *Dat) -6/Data Miner -5/Proximity Caves -5/Factory (discovered 7 exits: *Fac x4 / *Upp / *Ext / Gar) -5/Garrison (discovered 3 exits: *Fac x3) -5/Factory (discovered 9 exits: *Fac x3 / *Upp x2 / Ext x2 / Gar / Gar) -5/Garrison (discovered 3 exits: *Fac x3) -4/Factory (discovered 7 exits: *Res x4 / *Upp x2 / Arm) -4/Upper Caves -4/Upper Caves (discovered 1 exit: *Res) History --------- Turn | Location | Event 5 | -11/Scrapyard | Discovered new exit (range 15) 8 | -11/Scrapyard | Upgraded with Propulsion slot (x1) 8 | -11/Scrapyard | Upgraded with Utility slot (x1) 8 | -11/Scrapyard | Upgraded with Weapon slot (x1) 30 | -11/Scrapyard | Entered Materials 35 | -10/Materials | Discovered new exit (range 15) 94 | -10/Materials | Core integrity fell below 50% 114 | -10/Materials | Core integrity fell below 20% 302 | -10/Materials | Build established: Mutant 334 | -10/Materials | Discovered new exit (range 11) 459 | -10/Materials | Discovered new exit (range 16) 483 | -10/Materials | Reached level 2 670 | -10/Materials | Upgraded with Propulsion slot (x2) 826 | -10/Materials | Discovered new exit (range 7) 881 | -10/Materials | Reached level 3 949 | -10/Materials | Entered Mines 949 | -10/Mines | Accompanied by 1 ally 951 | -10/Mines | Discovered new exit (range 12) 964 | -10/Mines | Build established: Scavenger-Mutant 1077 | -10/Mines | Discovered new exit (range 5) 1216 | -10/Mines | Learned 2 Materials zone layouts 1238 | -10/Mines | Upgraded with Weapon slot (x2) 1472 | -10/Mines | Assisted by bots powering up and referring to "LRC-V3" 1714 | -10/Mines | Deemed a non-threat by the Exiles lab entrance 1714 | -10/Mines | Discovered new exit (range 5) 1728 | -10/Mines | Entered Exiles 1728 | -10/Exiles | Accompanied by 5 allies 1730 | -10/Exiles | Reached level 4 1756 | -10/Exiles | Upgraded with Utility slot (x1) 1758 | -10/Exiles | Led the pair of lost Derelicts to a safe place 1767 | -10/Exiles | Met 8R-AWN 1794 | -10/Exiles | Met EX-HEX 1837 | -10/Exiles | Met EX-BIN 1866 | -10/Exiles | Aligned with FarCom system 1868 | -10/Exiles | Given EX-Vault access code 1904 | -10/Exiles | Opened EX-Vault 1921 | -10/Exiles | Found Flying Fortress v7 1926 | -10/Exiles | Found XL Autogun Array 1948 | -10/Exiles | Warned to stay clear of 0b10 Research branches 1991 | -10/Exiles | Met EX-DEC 2075 | -10/Exiles | Discovered new exit (range 12) 2123 | -10/Exiles | Stole two prototypes: Flying Fortress v7, XL Autogun Array 2123 | -10/Exiles | Entered Mines 2123 | -9/Mines | Accompanied by 4 allies 2158 | -9/Mines | Reached level 5 2165 | -9/Mines | Met a Derelict bent on vengeance 2177 | -9/Mines | Upgraded with Utility slot (x1) 2275 | -9/Mines | Assembled infested the area 2275 | -9/Mines | Learned 2 Materials zone layouts 2288 | -9/Mines | Discovered new exit (range 14) 2357 | -9/Mines | Entered Materials 2357 | -8/Materials | Accompanied by 1 ally 2358 | -8/Materials | Identified exit to Factory 2359 | -8/Materials | Reached level 6 2366 | -8/Materials | Destroyed 15 combat bots 2366 | -8/Materials | Upgraded with Power slot (x1) 2366 | -8/Materials | Upgraded with Utility slot (x1) 2457 | -8/Materials | Build established: Gunner 2458 | -8/Materials | Reached level 7 2689 | -8/Materials | Reached level 8 2690 | -8/Materials | Upgraded with Utility slot (x1) 3031 | -8/Materials | Build established: Scavenger-Scout 3883 | -8/Materials | Reached level 9 3894 | -8/Materials | Upgraded with Weapon slot (x1) 3906 | -8/Materials | Destroyed 7 combat bots 3929 | -8/Materials | Discovered exit to Factory (range 15) 4189 | -8/Materials | Entered Factory 4191 | -7/Factory | FarCom data flow suspended 4191 | -7/Factory | Reached level 10 4237 | -7/Factory | Identified exit to Garrison 4501 | -7/Factory | Build established: Scout 4553 | -7/Factory | Discovered new exit (range 5) 4555 | -7/Factory | Identified exit to Lower Caves 4848 | -7/Factory | Reached level 11 4939 | -7/Factory | Upgraded with Utility slot (x1) 5050 | -7/Factory | Reached level 12 5248 | -7/Factory | Build established: Hacker-Gunner 5338 | -7/Factory | Reached level 13 5350 | -7/Factory | Upgraded with Weapon slot (x1) 5611 | -7/Factory | Entered Garrison 5613 | -7/Garrison | Reached level 14 5800 | -7/Garrison | Triggered checkpoint 5818 | -7/Garrison | Destroyed 9 combat bots 5832 | -7/Garrison | Discovered new exit (range 12) 6002 | -7/Garrison | Triggered checkpoint 6082 | -7/Garrison | Triggered checkpoint 6099 | -7/Garrison | Triggered checkpoint 6103 | -7/Garrison | Reached level 15 6136 | -7/Garrison | Triggered checkpoint 6202 | -7/Garrison | Discovered new exit (range 11) 6409 | -7/Garrison | Discovered new exit (range 11) 6460 | -7/Garrison | Identified exit to Factory 6464 | -7/Garrison | Installed Relay Interface Framework 6493 | -7/Garrison | Garrison Relay disabled 6500 | -7/Garrison | Triggered checkpoint 6593 | -7/Garrison | Spotted B-75 Beast 6606 | -7/Garrison | Allies destroyed B-75 Beast 6627 | -7/Garrison | Garrison Relay disabled 6632 | -7/Garrison | Triggered checkpoint 6792 | -7/Garrison | Garrison Relay disabled 6806 | -7/Garrison | Triggered checkpoint 6907 | -7/Garrison | Garrison Relay disabled 6970 | -7/Garrison | Entered Factory 6970 | -7/Factory | Accompanied by 3 allies 6971 | -7/Factory | Build established: Hacker-Mutant 7270 | -7/Factory | Discovered new exit (range 7) 7273 | -7/Factory | Build established: Hacker-Scout 7292 | -7/Factory | Identified exit to Storage 7368 | -7/Factory | Reached level 16 7374 | -7/Factory | Upgraded with Utility slot (x1) 7454 | -7/Factory | Destroyed 8 combat bots 7478 | -7/Factory | Garrison activated, responded to threat 7587 | -7/Factory | Identified exit to Garrison 7770 | -7/Factory | First assault squad dispatched 7872 | -7/Factory | Discovered exit to Lower Caves (range 14) 8015 | -7/Factory | Discovered new exit (range 14) 8023 | -7/Factory | Identified exit to Factory 8139 | -7/Factory | Discovered exit to Factory (range 18) 8175 | -7/Factory | Reached level 17 8244 | -7/Factory | Discovered exit to Storage (range 16) 8246 | -7/Factory | Discovered exit to Factory (range 10) 8700 | -7/Factory | Identified exit to Garrison 8703 | -7/Factory | Entered Garrison 8706 | -7/Garrison | Expanded RIF knowledge: Program Shield 9408 | -7/Garrison | Triggered checkpoint 9411 | -7/Garrison | Triggered checkpoint 9440 | -7/Garrison | Triggered checkpoint 9463 | -7/Garrison | Destroyed 19 combat bots 9464 | -7/Garrison | Triggered checkpoint 9481 | -7/Garrison | Discovered exit to Factory (range 13) 9666 | -7/Garrison | Triggered checkpoint 9676 | -7/Garrison | Garrison Relay disabled 9843 | -7/Garrison | Discovered exit to Factory (range 14) 10058 | -7/Garrison | Triggered checkpoint 10116 | -7/Garrison | Garrison Relay disabled 10212 | -7/Garrison | Discovered exit to Factory (range 9) 10512 | -7/Garrison | Triggered checkpoint 10544 | -7/Garrison | Garrison Relay disabled 10644 | -7/Garrison | Triggered checkpoint 10671 | -7/Garrison | Garrison Relay disabled 10750 | -7/Garrison | Entered Factory 10752 | -6/Factory | Reached level 18 11001 | -6/Factory | Garrison activated, responded to threat 11029 | -6/Factory | Reached level 19 11084 | -6/Factory | Fabricated Reaction Control System? 11145 | -6/Factory | Spotted B-75 Beast 11233 | -6/Factory | Fabricated Adv. Remote Datajack (x1) 11402 | -6/Factory | Discovered new exit (range 17) 11413 | -6/Factory | Identified exit to Lower Caves 11450 | -6/Factory | First assault squad dispatched 11460 | -6/Factory | Identified exit to Garrison 11530 | -6/Factory | Discovered new exit (range 7) 11534 | -6/Factory | Identified exit to Factory 11623 | -6/Factory | Garrison activated, responded to threat 11669 | -6/Factory | Entered Lower Caves 11669 | -6/Lower Caves | Accompanied by 1 ally 11975 | -6/Lower Caves | Identified exit to Lower Caves 12058 | -6/Lower Caves | Spotted B-75 Beast 12064 | -6/Lower Caves | Assimilated Beast 5a with formatsys_high 12398 | -6/Lower Caves | Spotted DH-N1M(f) 12400 | -6/Lower Caves | Encountered a Master Thief 12405 | -6/Lower Caves | Allies destroyed DH-N1M(f) 12566 | -6/Lower Caves | Attracted the attention of an 0b10 outpost 12600 | -6/Lower Caves | Destroyed 7 combat bots 12627 | -6/Lower Caves | Attacked by a delusional Derelict stockpiling parts 12686 | -6/Lower Caves | Entered another Lower Caves area 12686 | -6/Lower Caves | Accompanied by 3 allies 12799 | -6/Lower Caves | Discovered exit to Factory (range 20) 12887 | -6/Lower Caves | Spotted EM-YA9(f) 12888 | -6/Lower Caves | Encountered a Master Thief 12902 | -6/Lower Caves | Destroyed EM-YA9(f) 13041 | -6/Lower Caves | Reached level 20 13047 | -6/Lower Caves | Upgraded with Utility slot (x1) 13315 | -6/Lower Caves | Learned Factory security intel 13315 | -6/Lower Caves | Learned Extension security intel 13315 | -6/Lower Caves | Learned Factory terminal intel 13315 | -6/Lower Caves | Learned Extension terminal intel 13330 | -6/Lower Caves | Discovered new exit (range 19) 13528 | -6/Lower Caves | Identified exit to Data Miner 13690 | -6/Lower Caves | Spotted ZM-3KT(f) 13692 | -6/Lower Caves | Encountered a Master Thief 13699 | -6/Lower Caves | Destroyed ZM-3KT(f) 13783 | -6/Lower Caves | Entered Data Miner 13783 | -6/Data Miner | Accompanied by 2 allies 13783 | -6/Data Miner | Discovered new exit (range 7) 13793 | -6/Data Miner | Met Data Miner 13806 | -6/Data Miner | Learned location of Section 7 (-3) 13806 | -6/Data Miner | Acquired the access code to Warlord's prototype stash 13811 | -6/Data Miner | Received God Mode back door access code from Data Miner 14144 | -6/Data Miner | Identified exit to Proximity Caves 14148 | -6/Data Miner | Entered Proximity Caves 14148 | -5/Proximity Caves | Accompanied by 2 allies 14502 | -5/Proximity Caves | Escorted by Enhanced Grunt 14502 | -5/Proximity Caves | Attracted the attention of an 0b10 outpost 14507 | -5/Proximity Caves | Reached level 21 14543 | -5/Proximity Caves | Destroyed 7 combat bots 14561 | -5/Proximity Caves | Spotted B-75 Beast 14590 | -5/Proximity Caves | Destroyed B-75 Beast 14752 | -5/Proximity Caves | Spotted 7O-F8M(f) 14753 | -5/Proximity Caves | Encountered a Master Thief 14756 | -5/Proximity Caves | Destroyed 7O-F8M(f) 14806 | -5/Proximity Caves | Spotted RR-83Y(f) 14807 | -5/Proximity Caves | Encountered a Master Thief 14814 | -5/Proximity Caves | Destroyed RR-83Y(f) 15068 | -5/Proximity Caves | Discovered exit to Factory (range 23) 15150 | -5/Proximity Caves | Spotted GK-N6Z(f) 15151 | -5/Proximity Caves | Encountered a Master Thief 15153 | -5/Proximity Caves | Spotted PQ-Q2Q(f) 15154 | -5/Proximity Caves | Encountered a Master Thief 15156 | -5/Proximity Caves | Entered Factory 15156 | -5/Factory | Accompanied by 2 allies 15158 | -5/Factory | Loaded intel: 22 terminal locations 15170 | -5/Factory | Discovered new exit (range 4) 15176 | -5/Factory | Identified exit to Upper Caves 15297 | -5/Factory | Reached level 22 15298 | -5/Factory | Upgraded with Utility slot (x1) 15433 | -5/Factory | Identified exit to Factory 15523 | -5/Factory | Spotted B-75 Beast 15528 | -5/Factory | Fabricated X-62 Marksman? 15530 | -5/Factory | Destroyed B-75 Beast 15701 | -5/Factory | Fabricated X-62 Marksman (x2) 15722 | -5/Factory | Incoming investigation squad redirected 15781 | -5/Factory | Discovered new exit (range 13) 16037 | -5/Factory | Identified exit to Garrison 16037 | -5/Factory | Entered Garrison 16220 | -5/Garrison | Triggered checkpoint 16240 | -5/Garrison | Garrison Relay disabled 16477 | -5/Garrison | Triggered checkpoint 16478 | -5/Garrison | Reached level 23 16482 | -5/Garrison | Triggered checkpoint 16523 | -5/Garrison | Destroyed 10 combat bots 16580 | -5/Garrison | Discovered new exit (range 11) 16590 | -5/Garrison | Spotted B-75 Beast 16620 | -5/Garrison | Destroyed B-75 Beast 16660 | -5/Garrison | Triggered checkpoint 16666 | -5/Garrison | Garrison Relay disabled 16718 | -5/Garrison | Triggered checkpoint 16753 | -5/Garrison | Garrison Relay disabled 16875 | -5/Garrison | Discovered new exit (range 17) 16903 | -5/Garrison | Rewired Cogmind 16913 | -5/Garrison | Rewired Cogmind 16926 | -5/Garrison | Identified exit to Factory 16930 | -5/Garrison | Expanded RIF knowledge: Autooverride 16962 | -5/Garrison | Triggered checkpoint 16982 | -5/Garrison | Discovered exit to Factory (range 20) 17042 | -5/Garrison | Triggered checkpoint 17056 | -5/Garrison | Garrison Relay disabled 17240 | -5/Garrison | Entered Factory 17240 | -5/Factory | Accompanied by 6 allies 17400 | -5/Factory | Identified exit to Extension 17426 | -5/Factory | Build established: Bothacker-Scout 17735 | -5/Factory | Reached level 24 17821 | -5/Factory | Spotted B-75 Beast 17827 | -5/Factory | Allies destroyed B-75 Beast 17977 | -5/Factory | Fabricated Enh. Force Lance (x1) 18041 | -5/Factory | Local fabrication network quarantined 18046 | -5/Factory | Discovered exit to Factory (range 4) 18069 | -5/Factory | Identified exit to Garrison 18085 | -5/Factory | Build established: Hacker-Scout 18282 | -5/Factory | Discovered exit to Factory (range 18) 18417 | -5/Factory | Incoming investigation squad redirected 18431 | -5/Factory | Identified exit to Garrison 18440 | -5/Factory | First assault squad dispatched 18446 | -5/Factory | Incoming investigation squad redirected 18469 | -5/Factory | Discovered exit to Factory (range 20) 18616 | -5/Factory | Entered Garrison 18616 | -5/Garrison | Accompanied by 3 allies 18756 | -5/Garrison | Triggered checkpoint 18756 | -5/Garrison | Triggered checkpoint 18756 | -5/Garrison | Triggered checkpoint 18819 | -5/Garrison | Discovered exit to Factory (range 24) 18867 | -5/Garrison | Destroyed 18 combat bots 18913 | -5/Garrison | Expanded RIF knowledge: Coupler Efficiency 18930 | -5/Garrison | Triggered checkpoint 18936 | -5/Garrison | Garrison Relay disabled 19001 | -5/Garrison | Discovered exit to Factory (range 10) 19063 | -5/Garrison | Spotted B-75 Beast 19063 | -5/Garrison | Spotted B-75 Beast 19067 | -5/Garrison | Assimilated Beast 6a with formatsys_high 19083 | -5/Garrison | Destroyed B-75 Beast 19094 | -5/Garrison | Discovered exit to Factory (range 14) 19186 | -5/Garrison | Triggered checkpoint 19202 | -5/Garrison | Garrison Relay disabled 19264 | -5/Garrison | Triggered checkpoint 19286 | -5/Garrison | Garrison Relay disabled 19420 | -5/Garrison | Triggered checkpoint 19428 | -5/Garrison | Garrison Relay disabled 19460 | -5/Garrison | Triggered checkpoint 19507 | -5/Garrison | Garrison Relay disabled 19516 | -5/Garrison | Triggered checkpoint 19625 | -5/Garrison | Entered Factory 19625 | -4/Factory | Accompanied by 5 allies 19627 | -4/Factory | Reached level 25 19627 | -4/Factory | Upgraded with Utility slot (x1) 19738 | -4/Factory | Fabricated G-50 Soldier (x3) 19873 | -4/Factory | Crushed by falling debris 19982 | -4/Factory | Discovered new exit (range 21) 20035 | -4/Factory | Build established: Commander-Scout 20047 | -4/Factory | Identified exit to Garrison 20080 | -4/Factory | Identified exit to Upper Caves 20080 | -4/Factory | Identified exit to Armory 20080 | -4/Factory | Identified exit to Research 20355 | -4/Factory | Build established: Hacker-Scout 20408 | -4/Factory | First assault squad dispatched 20419 | -4/Factory | Local fabrication network quarantined 20428 | -4/Factory | Fabricated Lgt. Quantum Reactor (x2) 20430 | -4/Factory | Incoming assault squad redirected 20464 | -4/Factory | Garrison activated, responded to threat 20608 | -4/Factory | Entered Upper Caves 20608 | -4/Upper Caves | Accompanied by 4 allies 20610 | -4/Upper Caves | Reached level 26 20940 | -4/Upper Caves | Spotted B-86 Titan 20955 | -4/Upper Caves | Destroyed B-86 Titan 20995 | -4/Upper Caves | Attracted the attention of an 0b10 outpost 21018 | -4/Upper Caves | Discovered new exit (range 30) 21027 | -4/Upper Caves | Destroyed 13 combat bots 21040 | -4/Upper Caves | Attracted the attention of an 0b10 checkpoint 21059 | -4/Upper Caves | Learned location of Testing (-2) 21063 | -4/Upper Caves | Identified exit to Upper Caves 21114 | -4/Upper Caves | Spotted 55-4NX(f) 21116 | -4/Upper Caves | Encountered a Master Thief 21118 | -4/Upper Caves | Destroyed 55-4NX(f) 21412 | -4/Upper Caves | Spotted U7-LD0(f) 21413 | -4/Upper Caves | Encountered a Master Thief 21415 | -4/Upper Caves | XL Autogun Array stolen by Master Thief 21635 | -4/Upper Caves | Spotted 74-KXP(f) 21637 | -4/Upper Caves | Encountered a Master Thief 21640 | -4/Upper Caves | Spotted GW-6KN(f) 21643 | -4/Upper Caves | Encountered a Master Thief 21645 | -4/Upper Caves | Flying Fortress v7 stolen by Master Thief 21646 | -4/Upper Caves | Lgt. Quantum Reactor stolen by Master Thief 21810 | -4/Upper Caves | Spotted PU-O9H(f) 21810 | -4/Upper Caves | Spotted J8-PRQ(f) 21811 | -4/Upper Caves | Encountered a Master Thief 21812 | -4/Upper Caves | Encountered a Master Thief 21815 | -4/Upper Caves | Enh. Force Rifle stolen by Master Thief 21820 | -4/Upper Caves | Adv. Remote Datajack stolen by Master Thief 22020 | -4/Upper Caves | Spotted Q7-OUB(f) 22021 | -4/Upper Caves | Encountered a Master Thief 22027 | -4/Upper Caves | Destroyed Q7-OUB(f) 22212 | -4/Upper Caves | Spotted ZT-8IZ(f) 22213 | -4/Upper Caves | Encountered a Master Thief 22213 | -4/Upper Caves | Spotted 11-IQX(f) 22214 | -4/Upper Caves | Encountered a Master Thief 22220 | -4/Upper Caves | Stasis Beam stolen by Master Thief 22224 | -4/Upper Caves | Allies destroyed ZT-8IZ(f) 22256 | -4/Upper Caves | Entered another Upper Caves area 22256 | -4/Upper Caves | Accompanied by 2 allies 22257 | -4/Upper Caves | Encountered a Warlord checkpoint 22319 | -4/Upper Caves | Attracted the attention of an 0b10 outpost 22329 | -4/Upper Caves | Discovered exit to Research (range 22) 22346 | -4/Upper Caves | Core integrity fell below 50% 22375 | -4/Upper Caves | Core integrity fell below 20% 22407 | -4/Upper Caves | Destroyed by G-67 Veteran with Electrolaser Last Messages --------------- 22343_ Penetrated by Slug. 22344_ Acquired 3 matter. 22345_ Penetrated by Slug. 22345_ Slug penetrates Wall. 22346_ Penetrated by Slug. 22346_ Slug penetrates Wall. 22348_ Penetrated by Slug. 22366_ Dropped Stasis Beam. A strange signal echoes through the caves. 22391_ Destroyed Power Sword. 22391_ Slug penetrates L-61 Swordsman. 22394_ L-61 Swordsman destroyed. 22394_ Slug penetrates Wall. 22402_ Penetrated by Slug. 22402_ Slug penetrates G-67 Veteran. 22402_ C-30 ARC bursts open, deploying its payload. 22402_ P-70 Sage unfolds itself. 22402_ Overload Amplifier destroyed. 22404_ Acquired Protomatter-66. [Achievement: Punisher] Map ----- +----------------------------------------------------+ | ?????????????????????????????????????????????????? | | ?????????????????????????????????????????????????? | | ?????????????????????????????????????????????????? | | ???????????????????????? ???? ? ? ? ?#??????????? | | ???????????????#????#?##? ?????#????????? | | ????????????????????????# ???? ? ? ? ??#??? ?????? | | ??????????????????# ?##?#?? ?##? ??? ??##?? ??? | | ???????????????? ?? ?###?#?## ##? ## ? ?#? | | ??????????????? ?? ?##### ?? ### ? ?? ## ? | | ????????????#?## ?? #?#### ## #### | | ?????????????###? ?? ###?##? ####?#### # | | ?????????? #??## #####?? ? ???#######? # | | ?????? ??? #?## #?## #### ?#?##?###?## # | | ??????? ?? ??# ? ####?# #### ? ### ######??? | | ??????## ??#?######## ? ?### ##### | | ???? ?????? ?#?#?###?## ? ### #?## ? | | ??????##?###??######### ### ###?# ### ? | | ?????##?##??#### ### ############ ### p | | ????####?##?### ############# #?# # | | ?????#?#####?### ############# ### # | | ??????#????###?## ###?######## # | | ???#?#?##??? ?### ####?####### # | | ??###?#### ?# ## ???### #### ? | | ??###?#??# ##? # ##### #### ## | | ???##?#?#? #### # ##### ####### ##### | | ???##?#?## #?# # @;### ######?# ##### | | ?##??##??##?##??## ### ##### #### | | ??#######?###?#### ggh b #### | | ??###?#???####??## gg hg ### | | ???#??######?##?# ########Y m | | ??#?##?###??##### ### #####?## | | ????###?#?####??###### ###?##### |" | | ??##?#??####??#?##?### ######??# """ | | ??##??#?###??#?#####?#######?######## """ | | ??#?#?####?##??##?####### ?## ##### " | | ??#####?#???####???#?#?# ? ?#### " | | ?#??#?#?###???######### ? #### """" | | ??#???##?##?###?#####?? ? #### " | | ???#?##??#############? ## ? #### | | ??#?###?#?#?#####?#### #### #### ### | | ???#?##?###?#?####### ? ? ? ? ? ## # | | ?????#???##?#?####### ? ? #? ## | | ????????#####?######? ? ? ## ### | | ????##????####?#???## ? ""?" " "?""" ##?# | | ????#???#?#???##?####?? """ ?"""""" ##?# | | ?????#??#??#??????### ? "" ?"" "" "" #####?## | | ????????????#?####### ? ? ?"" ""? | | ?????????##?????#?### ? # | | ??????????#??#####?#?? ?"""""? """""? ## ##### | | ?????????##??#######? ""? ""? " ##? #####? | +----------------------------------------------------+ Best States ------------- Heat Dissipation 116 Energy Generation 50 Energy Capacity 970 Matter Stores 500 Matter Capacity 500 Sight Range 18 Robot Scan Range 28 Terrain Scan Range 24 Terrain Scan Density 610 Base Temperature (-) 100 Armor Coverage 225 Resistance: KI 30 Weapon Shielding 33 Melee Speed Boost 30 Evasion (%) 72 Targeting Accuracy 10 Armor Integrity Analysis 66 Recoil Reduction 6 Matter Filtering 30 Kinecelleration 30 Overload Amplification 50 Offensive Hacking 25 Defensive Hacking 10 Item Schematics ----------------- Cmb. Airjet | -8/Materials | Scanalyzed Adv. Signal Interpreter | -8/Materials | Scanalyzed Adv. Terrain Scanner | -7/Factory | Scanalyzed Lrn. Sensor Array | -7/Factory | Scanalyzed Imp. Cooling System | -7/Factory | Scanalyzed Hcp. Matter Pod | -7/Factory | Scanalyzed Adv. Shield Generator | -7/Factory | Scanalyzed Med. Reactive Plating | -7/Factory | Scanalyzed Adv. Targeting Computer | -7/Factory | Scanalyzed Energy Well | -6/Factory | Scanalyzed Mic. Fission Core | -6/Factory | Hacked Combat Drone Bay | -6/Data Miner | Free Lgt. Regenerative Plating | -6/Data Miner | Free Cmb. Gravmag System | -6/Data Miner | Free Exp. Terrain Scan Processor | -6/Data Miner | Free Tactical Coordination Suite | -6/Data Miner | Free Exp. Transmission Jammer | -6/Data Miner | Free Exp. ECM Suite | -6/Data Miner | Free Cloaking Device | -6/Data Miner | Free Plasma Sword | -6/Data Miner | Free Kinetic Spear | -6/Data Miner | Free Adv. Cryofiber Web | -5/Factory | Hacked Imp. Core Analyzer | -5/Factory | Hacked Imp. Energy Well | -5/Factory | Scanalyzed Nanoactuators | -5/Factory | Scanalyzed Matter Compressor | -5/Factory | Scanalyzed Adv. Focal Shield | -5/Factory | Scanalyzed Enh. Force Lance | -5/Factory | Hacked Adv. Heavy Treads | -5/Factory | Hacked Lgt. Quantum Reactor | -4/Factory | Hacked Adv. Armor Integrity Analyzer | -4/Factory | Scanalyzed Robot Schematics ------------------ Y-45 Defender | -7/Factory | Hacked X-62 Marksman | -7/Factory | Hacked S-27 Virus | -6/Data Miner | Free G-50 Soldier | -6/Data Miner | Free I-36 Angel | -6/Data Miner | Free I-47 Archangel | -6/Data Miner | Free Fabricated ------------ Reaction Control System | x1 | -6/Factory | Preloaded Adv. Remote Datajack | x1 | -6/Factory | Preloaded X-62 Marksman | x2 | -5/Factory X-62 Marksman | x2 | -5/Factory Enh. Force Lance | x1 | -5/Factory G-50 Soldier | x3 | -4/Factory Lgt. Quantum Reactor | x2 | -4/Factory Alien Tech Used ----------------- None Achievements -------------- Punisher Challenges ------------ None RPGLIKE | -11 -10 -10 -10 -9 -8 -7 -7 -7 -7 -6 -6 -6 -6 -5 -5 -5 -5 -5 -4 -4 -4 --------- Run | Scr Mat Min Exi Min Mat Fac Gar Fac Gar Fac Low Low Dat Pro Fac Gar Fac Gar Fac Upp Upp Levels Raised 25 | . 2 . 1 1 4 4 2 2 . 2 . 1 . 1 1 1 1 . 1 1 . XP Earned 41313 | 3000 3010 1470 350 2629 5315 6252 3110 2140 1113 2144 552 716 152 1663 1922 1481 935 928 1569 698 164 XP Spent 38990 | 1850 1925 1900 1805 1100 6290 6100 2075 3625 . 2220 . 2600 . 100 2900 1000 300 . 3200 . . Upgrades 62 | 5 3 2 10 1 8 8 10 4 . 3 . 1 . 1 1 3 1 . 1 . . Power Slot 1 | . . . . . 1 . . . . . . . . . . . . . . . . Propulsion Slot 3 | 1 2 . . . . . . . . . . . . . . . . . . . . Utility Slot 10 | 1 . . 1 1 2 1 . 1 . . . 1 . . 1 . . . 1 . . Weapon Slot 5 | 1 . 2 . . 1 1 . . . . . . . . . . . . . . . Core Integrity 8 | . 1 . 7 . . . . . . . . . . . . . . . . . . Heat Dissipation 7 | . . . 1 . . . 5 . . 1 . . . . . . . . . . . Energy Generation 1 | . . . . . . . 1 . . . . . . . . . . . . . . Mass Support 2 | 1 . . . . . . . 1 . . . . . . . . . . . . . Inventory Capacity 5 | 1 . . 1 . 1 . 1 . . 1 . . . . . . . . . . . Sight Range 2 | . . . . . . . . . . . . . . 1 . . 1 . . . . Sensor Range 4 | . . . . . . . 3 1 . . . . . . . . . . . . . Terrain Scan Density 4 | . . . . . 2 . . . . . . . . . . 2 . . . . . Ranged Accuracy 4 | . . . . . 1 1 . 1 . . . . . . . 1 . . . . . Hack Attack % 4 | . . . . . . 3 . . . 1 . . . . . . . . . . . Hack Defense % 2 | . . . . . . 2 . . . . . . . . . . . . . . . Protomatter Created 5055 | . 48 17 . 370 347 424 306 495 389 208 338 85 . 386 337 165 120 585 178 191 66 Integrity Restored 5003 | . 144 78 . 668 233 357 186 667 196 60 193 230 . 27 298 382 245 336 344 359 . Core 3697 | . 144 78 . 633 175 221 138 479 131 40 116 180 . 24 184 271 194 261 278 150 . Parts 1306 | . . . . 35 58 136 48 188 65 20 77 50 . 3 114 111 51 75 66 209 . Protomatter Decayed 4564 | . . . . 24 307 443 454 260 319 334 198 60 . 553 186 173 320 467 295 123 48 Game ------ Seed FissionChromaticExpander Manual? 1 Play Time 05:07:26 Cumulative 131.4 hours Start 2020.04.06 @ 17:14:54 End 2020.04.07 @ 15:37:10 Sessions 5 Manual Loads 0 Difficulty Rogue Special Mode Winter2019/RPGLIKE Game No. 45 Rogue 45 Adventurer 0 Explorer 0 Win Type - Total 1 Types 1/0/0/0/0/0/0 Lore% 54 Gallery% 66 Achievement% 61 Wizard Run 0 Options --------- ASCII 1 Keyboard 1 Movement Numpad Keybinds 0 Fullscreen 1 Font 16/SmallcapsGlow Map View 75x55 Tactical HUD 1 Map Filters NONE Filters NONE Steam 1 RUN: 460af82d-af70-4cbb-96f9-8bf3b767a586